 Dungeon Crawl Stone Soup version 0.29.1-15-g9cfb28693d (webtiles) character file.

Game seed: 13956294987999938432

84 Hugehornet the Changer (level 4, -2/28 HPs)
             Began as an Octopode Transmuter on Mar 25, 2023.
             Slain by a gnoll
             ... wielding a +0 spear
             ... led by a gnoll bouda
              (6 damage)
             ... on level 2 of the Dungeon.
             The game lasted 00:02:22 (1643 turns).

Hugehornet the Changer (Octopode Transmuter)        Turns: 1643, Time: 00:02:23

Health: -2/28      AC:  1    Str:  9    XL:     4   Next: 45%
Magic:  8/8        EV: 13    Int: 17    God:
Gold:   102        SH:  0    Dex: 12    Spells: 4/8 levels left

rFire   . . .      SeeInvis .     - Unarmed
rCold   . . .      Faith    .   (no shield)
rNeg    . . .      Spirit   .   (helmet restricted)
rPois   .          Reflect  .   (no amulet)
rElec   .          Harm     .   g - ring of resist corrosion
rCorr   +          Rampage  .   (no ring)
Will    .....                   (no ring)
Stlth   ++........              (no ring)
HPRegen 0.09/turn               (no ring)
MPRegen 0.11/turn               (no ring)
                                (no ring)
                                (no ring)

@: no status effects
A: almost no armour, amphibious, 8 rings, camouflage 1, gelatinous body 1,
(nimble swimmer 1), tentacles
a: no special abilities


You were on level 2 of the Dungeon.
You visited 1 branch of the dungeon, and saw 2 of its levels.

You collected 102 gold pieces.

Inventory:

Jewellery
 g - a ring of resist corrosion (left tentacle)
Scrolls
 b - a scroll of amnesia {unknown}
 e - a scroll of noise {unknown}
 f - 5 scrolls of vulnerability {unknown}
Potions
 a - a potion of lignification
 c - a potion of cancellation {unknown}
 d - a potion of might {unknown}


   Skills:
 - Level 1.0 Fighting
 - Level 2.0 Dodging
 - Level 3.0 Unarmed Combat
 + Level 2.9 Spellcasting
 * Level 3.9 Transmutations


You had 4 spell levels left.
You knew the following spells:

 Your Spells              Type           Power      Damage    Failure   Level
a - Beastly Appendage     Tmut           30%        N/A       3%          1
b - Spider Form           Tmut/Pois      9%         N/A       24%         3

Your spell library contained the following spells:

 Spells                   Type           Power      Damage    Failure   Level
 Wereblood                Tmut           15%        N/A       5%          2
 Ice Form                 Ice/Tmut       9%         N/A       61%         4


Dungeon Overview and Level Annotations

Branches:
Dungeon (2/15)

Altars:

Annotations:
D:2 Natasha


Innate Abilities, Weirdness & Mutations

You cannot wear most types of armour.
You are amphibious.
You can wear up to eight rings at the same time.
Your skin changes colour to match your surroundings (Stealth+).
Your rubbery body absorbs attacks. (AC +1, EV +1)
((You are camouflaged when in or above water. (Stealth+)))
You have tentacles for arms and can constrict up to eight enemies at once.


Message History

A gnoll comes into view.
It is wielding a +0 flail. 2 gnolls come into view.
The gnoll shouts!
A gnoll bouda comes into view. It is wielding a +0 whip.
The gnoll shouts!
A quokka comes into view.
The gnoll barely misses you.
The gnoll hits you from afar with a +0 spear.
You tentacle-slap the gnoll. You grab the gnoll.
You pierce the gnoll, but do no damage.
You squeeze the gnoll!
The gnoll is almost dead.
You constrict the gnoll.
The gnoll hits you from afar with a +0 spear.
The gnoll bouda barks out a call to the hunt!
The gnolls pick up the pace!
The gnoll barely misses you. The gnoll hits you with a +0 flail!
Press: ? - help, v - describe, . - travel
Here: a gnoll, wielding a +0 flail (almost dead, constricted by you, covering ground quickly)
The floor.
Unknown command.
Unknown command.
You tentacle-slap the gnoll.
You kill the gnoll!
The gnoll misses you.
Found 8 gold pieces.
Found 13 gold pieces.
Your tentacle spike disappears.
The gnoll bouda gazes fiercely through you!
You feel your attacks grow feeble. The gnoll barely misses you.
A hobgoblin comes into view.
The hobgoblin shouts!
Natasha, Servant of Life and Death comes into view.
The hobgoblin moves out of view.
Natasha stares at you and mumbles some strange words.
The magic dart hits you!
* * * LOW HITPOINT WARNING * * *
Your attacks no longer feel as feeble.
The gnoll hits you from afar with a +0 spear.
You die...

#.#...#...#.###..
#....###....#####
###...#####)..##..^
#..÷#.......#....÷.
#.#####..#.....####
####.###.......#### #
#....##..#..##########
##.<.....##rg..###†....
#.....@.g.gg..........#
#.<....#####h#.##.###..
#......# #$#.##)# ###
.......## #.#.ggg#
.##.##.. ...##..# #. #.
#... ..$ ...# . ..
#.... ...hg#g## . #.
.....#. . ##


You could see a gnoll bouda, Natasha, 3 gnolls and a quokka.

Vanquished Creatures
  Natasha (D:2)
  A gnoll (D:2)
  An adder (D:2)
  A dart slug (D:1)
  6 endoplasms
  A giant cockroach (D:1)
  4 goblins (D:1)
  2 hobgoblins (D:1)
  4 jackals (D:1)
  4 kobolds
  4 ball pythons
  2 bats (D:1)
  2 frilled lizards (D:1)
  6 rats
39 creatures vanquished.

Vanquished Creatures (others)
  11 plants (D:1)
11 creatures vanquished.

Grand Total: 50 creatures vanquished

Notes
Turn   | Place    | Note
-------+----------+-------------------------------------------
     0 | D:1      | Hugehornet the Octopode Transmuter began the quest for the
                  | Orb.
     0 | D:1      | Reached XP level 1. HP: 13/13 MP: 3/3
    97 | D:1      | Reached XP level 2. HP: 17/18 MP: 3/5
   502 | D:1      | Reached XP level 3. HP: 23/23 MP: 6/6
   512 | D:1      | Learned a level 3 spell: Spider Form
   654 | D:1      | Found a faded altar of an unknown god.
  1363 | D:2      | Noticed Natasha
  1372 | D:2      | Killed Natasha
  1373 | D:2      | Reached XP level 4. HP: 5/28 MP: 6/8
  1637 | D:2      | Noticed Natasha
  1643 | D:2      | Slain by a gnoll

Illustrated notes

Levels and vault maps discovered:
D:1:      tarquinn_simple_flora_water_d, layout_basic,
          dilly_ecumenical_altar_fadedgnrine
D:2:      layout_rooms, reono_crystal_passage, minmay_circle_x, uniq_natasha

Skill      XL: |  1  2 |
---------------+-------+-----
Transmutations | 3 |  3.9
Fighting       | |  1.0
Dodging        | |  2.0
Unarmed Combat | |  3.0
Spellcasting   | |  2.9

Action                   |  1- 3 |  4- 6 || total
-------------------------+-------+-------++-------
Melee: Unarmed           |    71 |     3 ||    74
       Constrict         |    22 |     1 ||    23
       Kick              |    19 |     1 ||    20
       Tentacles         |    13 |     1 ||    14
 Cast: Beastly Appendage |    18 |     1 ||    19
 Stab: Sleeping          |     2 |       ||     2
Armor: Skin              |     9 |       ||     9
Dodge: Dodged            |    39 |     4 ||    43
